 Dungeon Crawl Stone Soup version 0.30-a0-879-ga8ba668304 (webtiles) character file.

Game seed: 7854046352258510205

193 kenny the Conjurer (level 5, 0/28 HPs)
             Began as a Deep Elf Conjurer on Mar 12, 2023.
             Was a Believer of Lugonu.
             Slain by an orc warrior
             ... wielding a +0 scimitar
              (11 damage)
             ... on level 3 of the Dungeon.
             The game lasted 00:07:03 (3465 turns).

kenny the Conjurer (Deep Elf Conjurer)              Turns: 3465, Time: 00:07:04

Health: 0/28       AC:  3    Str:  6    XL:     5   Next: 43%
Magic:  2/15       EV: 12    Int: 23    God:    Lugonu [**....]
Gold:   127        SH:  0    Dex: 13    Spells: 9/15 levels left

rFire   . . .      SeeInvis .    e - +0 dagger
rCold   . . .      Faith    .    (no shield)
rNeg    . . .      Spirit   .    a - +0 robe
rPois   .          Reflect  .    (no helmet)
rElec   .          Rampage  .    n - +0 cloak
rCorr   .                        (no gloves)
Will    .....                    (no boots)
Stlth   ++                       (no amulet)
HPRegen 0.24/turn                (no ring)
MPRegen 0.14/turn                (no ring)

@: no status effects
A: no striking features
a: Renounce Religion, Depart the Abyss, Banish


You were on level 3 of the Dungeon.
You worshipped Lugonu.
Lugonu was pleased with you.
You visited 1 branch of the dungeon, and saw 4 of its levels.

You collected 127 gold pieces.

Inventory:

Hand Weapons
 e - a +0 dagger (weapon)
Armour
 a - a +0 robe (worn)
 l - an orb of mayhem
 n - a +0 cloak (worn)
Wands
 t - a wand of roots (7)
Scrolls
 c - 2 scrolls of fear {unknown}
 g - 2 scrolls of blinking {unknown}
 h - a scroll of fog {unknown}
 k - 3 scrolls of identify {unknown}
 m - a scroll of teleportation {unknown}
 o - a scroll of enchant weapon {unknown}
 p - a scroll of immolation {unknown}
 q - 3 scrolls of enchant armour {unknown}
 r - a scroll of poison {unknown}
 x - a scroll of amnesia {unknown}
Potions
 b - 2 potions of magic
 d - a potion of cancellation {unknown}
 f - a potion of mutation {unknown}
 i - a potion of curing {unknown}
 j - 2 potions of heal wounds {unknown}
 s - a potion of degeneration {unknown}
 u - a potion of might {unknown}
 v - a potion of flight {unknown}
 w - a potion of berserk rage {unknown}


   Skills:
 + Level 2.8 Dodging
 + Level 3.0 Stealth
 + Level 5.6 Spellcasting
 + Level 5.9 Conjurations


You had 9 spell levels left.
You knew the following spells:

 Your Spells              Type           Power      Damage    Failure   Level
a - Magic Dart            Conj           100%       1d8       1%          1
b - Searing Ray           Conj           66%        2d6       1%          2
c - Dazzling Flash        Conj/Hex       40%        N/A       8%          3

Your spell library contained the following spells:

 Spells                   Type           Power      Damage    Failure   Level
 Kiss of Death            Conj/Necr      80%        2d11      2%          1
 Lesser Beckoning         Tloc           12%        N/A       14%         2
 Confusing Touch          Hex            6%         N/A       26%         3
 Gell's Gravitas          Tloc           6%         N/A       26%         3
 Teleport Other           Tloc           6%         N/A       26%         3
 Fulminant Prism          Conj/Hex       10%        3d8       26%         4
 Iskenderun's Mystic Bla  Conj/Tloc      20%        2d6       26%         4
 Dispel Undead            Necr           6%         3d8       65%         4
 Chain Lightning          Conj/Air       10%        3d13      100%        9
 Fire Storm               Conj/Fire      10%        8d3       100%        9
 Shatter                  Erth           3%         3d7*      100%        9


Dungeon Overview and Level Annotations

Branches:
Dungeon (4/15)
 Temple: D:4-7

Altars:
Zin
Lugonu

Portals:
Abyss: D:3

Annotations:
D:2 1 runed translucent door, Crazy Yiuf
D:3 2 transporters, MrSquiggles's ghost, amateur MiFi


Message History

The magic dart hits the kobold.
You kill the kobold!
Lugonu accepts your kill.
A hound comes into view.
The magic dart hits the orc warrior but does no damage.
The hound barks!
The magic dart hits the orc warrior.
The orc warrior is lightly wounded.
The magic dart hits the orc warrior but does no damage.
The orc warrior is lightly wounded.
The magic dart hits the orc warrior.
The orc warrior is moderately wounded.
There is a stone staircase leading up here.
The orc warrior hits you with a +0 scimitar!
You climb upwards.
Level annotation: 2 transporters, MrSquiggles's ghost, amateur MiFi
There is a stone staircase leading down here.
Casting: Magic Dart (safe; 1% risk of failure)
Confirm with . or Enter, or press ? or * to list all spells.
Okay, then.
Casting: Magic Dart (safe; 1% risk of failure)
Confirm with . or Enter, or press ? or * to list all spells.
The spell is quite dangerous to miscast (8% risk of failure)!
Continue anyway?
Casting: Dazzling Flash (quite dangerous; 8% risk of failure)
Press: ? - help, Dir - look around, f - activate The orc warrior is dazzled.
The orc warrior hits you with a +0 scimitar.
Casting: Dazzling Flash (quite dangerous; 8% risk of failure)
Confirm with . or Enter, or press ? or * to list all spells.
Aiming: Searing Ray (safe; 1% risk of failure)
Press: ? - help, Shift-Dir - straight line, f - orc warrior
Aim: an orc warrior, wielding a +0 scimitar and wearing a +0 chain mail (moderately wounded, blind, 78% to hit)
The searing ray hits the orc warrior.
The orc warrior is moderately wounded. (Press . to maintain the ray.)
The orc warrior misses you.
The searing ray hits the orc warrior.
The orc warrior is severely wounded.
The orc warrior hits you with a +0 scimitar!
You die...

####### ######## #......
#......# #.##### #......# #.#
#......######.#####
#..................
##############......######.#####
#............#####.#######.#
#.##########.##@o..........#####
#.##.......#.#########.###......
#....#####.#.....# #.# #.####.
#........).).###'#####.# #.#....
#.######.#..<##.....##.# #.#.###
#.# #....#..........##.# #.#.#
#.########..........##.# #.#.#
#.†.............)#####)###.#'###
##########.....................<


You could see an orc warrior (blind).

Vanquished Creatures
  An orc wizard (D:3)
  6 adders
  4 gnolls (D:3)
  2 worms
  5 orcs
  2 ball pythons
  7 bats
  2 endoplasms (D:1)
  2 giant cockroaches
  4 goblins
  7 hobgoblins
  5 quokkas
  A frilled lizard (D:1)
  13 kobolds
  4 rats
65 creatures vanquished.

Notes
Turn   | Place    | Note
-------+----------+-------------------------------------------
     0 | D:1      | kenny the Deep Elf Conjurer began the quest for the Orb.
     0 | D:1      | Reached XP level 1. HP: 10/10 MP: 6/6
   276 | D:1      | Reached XP level 2. HP: 14/15 MP: 2/8
   437 | D:1      | Reached skill level 5 in Conjurations
  1170 | D:2      | Reached XP level 3. HP: 19/19 MP: 8/10
  1630 | D:2      | Found a runed translucent door.
  1631 | D:2      | Noticed Crazy Yiuf
  1775 | D:2      | Found a faded altar of an unknown god.
  1779 | D:2      | Prayed at the altar of an unknown god.
  1779 | D:2      | Became a worshipper of Lugonu the Unformed
  1779 | D:2      | Reached * piety under Lugonu
  2148 | D:3      | Learned a level 2 spell: Searing Ray
  2152 | D:3      | Learned a level 3 spell: Dazzling Flash
  2182 | D:3      | Reached XP level 4. HP: 24/24 MP: 4/11
  2363 | D:3      | Found a transporter.
  2373 | D:3      | Found a transporter.
  2378 | D:3      | Found a one-way gate to the infinite horrors of the Abyss.
  2378 | D:3      | Noticed MrSquiggles's ghost (amateur MiFi)
  2772 | D:3      | Found a glowing silver altar of Zin.
  2848 | D:3      | Noticed a small abomination
  3087 | D:3      | Noticed a kobold brigand
  3108 | D:3      | Reached skill level 5 in Spellcasting
  3108 | D:3      | Reached XP level 5. HP: 10/28 MP: 1/14
  3452 | D:4      | Noticed an orc warrior
  3454 | D:4      | Reached ** piety under Lugonu
  3465 | D:3      | Slain by an orc warrior

Illustrated notes

Levels and vault maps discovered:
D:1:      dpeg_arrival_line_fractal, layout_loops_ring, kennysheep_minor_cross,
          chequers_arboretum
D:2:      layout_loops_ring, nicolae_ecumenical_lake_church,
          uniq_crazy_yiuf_cottage
D:3:      layout_basic, marbit_many_paths, gammafunk_ghost_abyssal_escape
D:4:      layout_basic, temple_fountains

Skill      XL: |  1  2  3  4  5 |
---------------+----------------+-----
Conjurations   | 5 |  5.9
Spellcasting   | 5 |  5.6
Stealth        | 3 |  3.0
Dodging        | |  2.8

Action                     |  1- 3 |  4- 6 || total
---------------------------+-------+-------++-------
   Cast: Magic Dart        |    74 |    71 ||   145
         Searing Ray       |       |     4 ||     4
         Dazzling Flash    |       |     2 ||     2
 Armour: Robe              |     1 |     2 ||     3
  Dodge: Dodged            |     1 |     8 ||     9

Table legend: (Time is in decaauts)
 A = Elapsed time spent in this place.
 B = Non-inter-level travel time spent in this place.
 C = Inter-level travel time spent in this place.
 D = Time resting spent in this place.
 E = Time spent auto-exploring this place.
 F = Levels seen in this place.
 G = Mean time per level.
                   A        B        C        D        E       F      G
               +--------+--------+--------+--------+--------+-----+--------+
         Total |   3466 |   3364 |    102 |    530 |   2483 |   4 |  866.5 |
       Dungeon |   3466 |   3364 |    102 |    530 |   2483 |   4 |  866.5 |
               +--------+--------+--------+--------+--------+-----+--------+

Top non-repeatable levels by time:
     D:3: 1166 daAuts
     D:2: 1164 daAuts
     D:1: 1122 daAuts
     D:4: 12 daAuts
